 Dungeon Crawl Stone Soup version 0.30-a0-634-g8abc85282e (webtiles) character file.

Game seed: 4774370026843106267

3 drugrobin the Sneak (level 1, 0/18 HPs)
             Began as a Demigod Delver on Jan 14, 2023.
             Succumbed to an adder's poison
             ... on level 2 of the Dungeon.
             The game lasted 00:02:20 (244 turns).

drugrobin the Sneak (Demigod Delver)                 Turns: 244, Time: 00:02:21

Health: 0/18       AC:  3    Str: 12 (13) XL:     1   Next: 33%
Magic:  1/3        EV: 11    Int: 11 (12) God:
Gold:   0          SH:  0    Dex: 12 (15) Spells: 0/0 levels left

rFire   . . .      SeeInvis .      - Unarmed
rCold   . . .      Faith    .    (no shield)
rNeg    . . .      Spirit   +    a - +0 leather armour
rPois   .          Reflect  .    (no helmet)
rElec   .          Harm     .    (no cloak)
rCorr   .          Rampage  .    (no gloves)
Will    .....                    (no boots)
Stlth   ++                       c - amulet of guardian spirit
HPRegen 0.23/turn                (no ring)
MPRegen 0.08/turn                (no ring)

@: lethally poisoned (0 -> -6), attractive, hasted (expiring), very quick
A: high MP 1, forlorn, divine attributes
a: no special abilities


You were on level 2 of the Dungeon.
You visited 1 branch of the dungeon, and saw 4 of its levels.

Inventory:

Hand Weapons
 i - a +0 mace of pain
 l - a +0 hand axe
Armour
 a - a +0 leather armour (worn)
 j - a +0 ring mail
Jewellery
 c - an amulet of guardian spirit (around neck)
Wands
 f - a wand of digging (3)
Scrolls
 b - a scroll of fog
 d - a scroll of noise {unknown}
 h - a scroll of teleportation {unknown}


   Skills:
 - Level 2.6 Fighting
 - Level 1.7 Dodging
 - Level 4.5 Stealth
 + Level 2.1 Unarmed Combat


You couldn't memorise any spells.
You didn't know any spells.
Your spell library contained the following spells:

 Spells                   Type           Power      Damage    Failure   Level
 Inner Flame              Hex/Fire       0%         N/A       80%         3
 Cause Fear               Hex            0%         N/A       99%         4
 Discord                  Hex            0%         N/A       100%        8


Dungeon Overview and Level Annotations

Branches:
Dungeon (5/15)
 Temple: D:4-7


Innate Abilities, Weirdness & Mutations

You have an increased reservoir of magic. (+10% MP)
You shall have no god before yourself.
Your divine heritage dramatically boosts your attributes as you level up.


Message History

Found Plato's Monograph on the Quarry.
Found a faded altar of an unknown god.
You see here a scroll labelled LURYIWK HUSK.
d - a scroll labelled LURYIWK HUSK Unknown command.
The adder hisses angrily.
The adder barely misses you.
Unknown command.
You hit the adder.
The adder is moderately wounded.
The adder bites you.
You miss the adder.
The adder is moderately wounded.
The adder bites you.
You are poisoned.
The adder poisons you!
You miss the adder. You punch the adder.
The adder is severely wounded.
Your extra speed is starting to run out.
You feel sick. The adder bites you but does no damage.
You hit the adder but do no damage.
The adder is severely wounded.
You feel sick. The adder bites you.
* * * LOW HITPOINT WARNING * * *
You are more poisoned.
The adder poisons you!
You hit the adder.
The adder is almost dead.
* * * LOW HITPOINT WARNING * * *
You feel sick.
It was a potion of attraction.
You feel attractive to monsters.
* * * LOW HITPOINT WARNING * * *
You feel sick. The adder bites you.
Unknown command.
Unknown command.
Unknown command.
It was a potion of degeneration.
There was something very wrong with that liquid.
You feel weakened.
You feel dopey.
You feel clumsy.
You die...

.........####...##
.........'.......#
.........####...##
#.......## ##.##
##......# ###.####
##...#.# ##......#
..#+##.# #..P##..#
#. #.....P#....#
###...#P##@.#
#..#.#.S^.#
#.#P#.##^.# #.# #
...# _..# #.^.#
##..# ...#


You could see an adder.

Vanquished Creatures
  An orc (D:4)
  A hobgoblin (D:4)
2 creatures vanquished.

Notes
Turn   | Place    | Note
-------+----------+-------------------------------------------
     0 | D:5      | drugrobin the Demigod Delver began the quest for the Orb.
     0 | D:5      | Reached XP level 1. HP: 18/18 MP: 3/3
   139 | D:4      | Noticed an iguana
   244 | D:2      | Succumbed to an adder's poison

Illustrated notes

Levels and vault maps discovered:
D:2:      layout_loops_corners, serial_shops, nicolae_shop_advertising_works
          [nicolae_subvault_shop_adworks], shapermc_ecumenical_altar_rom_forum,
          nicolae_concentric_dashed_squares_wild
D:3:      layout_basic, minivault_25, st_stairs_1, grunt_ministairs_13,
          minmay_fractal_squares_diagonal_5, uniq_crazy_yiuf_cottage
D:4:      minmay_diamond_boxcup, layout_basic, doesnt_xom_only_xom,
          cheibrodos_sewer_entry_drain, uniq_menkaure
D:5:      layout_basic, minmay_temple_entry_tees, gammafunk_ghost_necromancy,
          minmay_strange_pillars

Skill      XL: |  1 |
---------------+----+-----
Unarmed Combat | 2 |  2.1
Fighting       | |  2.6
Dodging        | |  1.7
Stealth        | |  4.5

Action                   || total
-------------------------++-------
Melee: Unarmed           ||    21
       Punch             ||     1
  Use: Potion            ||     3
       Scroll            ||     2
Armor: Leather armour    ||     5
Dodge: Dodged            ||    15

Table legend: (Time is in decaauts)
 A = Elapsed time spent in this place.
 B = Non-inter-level travel time spent in this place.
 C = Inter-level travel time spent in this place.
 D = Time resting spent in this place.
 E = Time spent auto-exploring this place.
 F = Levels seen in this place.
 G = Mean time per level.
                   A        B        C        D        E       F      G
               +--------+--------+--------+--------+--------+-----+--------+
         Total |    227 |    211 |     16 |      0 |      0 |   4 |   56.8 |
       Dungeon |    227 |    211 |     16 |      0 |      0 |   4 |   56.8 |
               +--------+--------+--------+--------+--------+-----+--------+

Top non-repeatable levels by time:
     D:4: 160 daAuts
     D:3: 27 daAuts
     D:2: 23 daAuts
     D:5: 17 daAuts
